 Dungeon Crawl Stone Soup version 0.31-a0-142-g31f6795574 (webtiles) character file.

Game seed: 7670825534419061402

24 marky1606 the Sneak (level 2, 0/22 HPs)
             Began as a Demonspawn Wanderer on June 3, 2023.
             Slain by Jessica
             ... wielding a +0 club
              (2 damage)
             ... on level 1 of the Dungeon.
             The game lasted 00:03:22 (735 turns).

marky1606 the Sneak (Demonspawn Wanderer)            Turns: 735, Time: 00:03:23

Health: 0/22       AC:  3    Str: 11    XL:     2   Next: 79%
Magic:  3/3        EV: 12    Int: 12    God:
Gold:   70         SH:  0    Dex: 14    Spells: 3/3 levels left

rFire   . . .        (no weapon)
rCold   . . .        (no shield)
rNeg    . . .        f - +0 robe
rPois   .            (no helmet)
rElec   .            (no cloak)
rCorr   .            (no gloves)
SInv    .            d - +0 pair of boots
Will    .....        (no amulet)
Stlth   ++           (no ring)
HPRegen 0.23/turn    (no ring)
MPRegen 0.08/turn

%: no passive effects
@: no status effects
A: claws 1
a: no special abilities


You were on level 1 of the Dungeon.
You visited 1 branch of the dungeon, and saw 2 of its levels.

You collected 70 gold pieces.

Inventory:

Armour
 d - a +0 pair of boots (worn)
 f - a +0 robe (worn)
Scrolls
 a - a scroll of teleportation {unknown}
 b - a scroll of fear
Potions
 e - a potion of lignification
 g - 2 potions of berserk rage {unknown}
 h - a potion of might {unknown}


   Skills:
 + Level 2.2 Fighting
 - Level 1.2 Axes
 * Level 1.6 Armour
 + Level 2.1 Dodging
 - Level 2.6 Stealth
 * Level 0.7 Unarmed Combat
 - Level 1.0 Spellcasting


You had 3 spell levels left.
You didn't know any spells.
Your spell library was empty.

Dungeon Overview and Level Annotations

Branches:
Dungeon (2/15)

Altars:

Annotations:
D:1 Jessica
D:2 Natasha


Innate Abilities, Weirdness & Mutations

You have sharp fingernails.


Message History

You scratch the ball python.
The ball python is severely wounded.
The ball python bites you. The ball python constricts you.
You scratch the ball python.
You kill the ball python!
You see here a ball python corpse.
You start resting.
HP restored.
You see here a ball python corpse.
You see here a +0 robe.
There is a stone staircase leading down here.
You climb downwards.
Found a robe.
There is a stone staircase leading up here.
The helpless Jessica fails to defend herself.
You scratch Jessica.
Jessica is lightly wounded.
Jessica casts a spell at you. Pain shoots through your body!
Ouch! That really hurt!
Jessica hits you with a +0 club.
* * * LOW HITPOINT WARNING * * *
You climb upwards.
There is a stone staircase leading down here.
Jessica hits you with a +0 club.
* * * LOW HITPOINT WARNING * * *
You scratch Jessica but do no damage.
Jessica is lightly wounded.
Jessica hits you but does no damage.
You scratch Jessica.
Jessica is severely wounded.
Jessica hits you with a +0 club.
* * * LOW HITPOINT WARNING * * *
You barely miss Jessica.
Jessica is severely wounded.
Jessica barely misses you.
You barely miss Jessica.
Jessica is severely wounded.
Jessica hits you with a +0 club.
You die...

#.......#.............
#.......#.............
#########.............
####### #.............
##.....## #....[........
##.......###.............
#.........######.##...#..
#.......@.##..........#..
#......>@....###...#.....
#.........######.......##
#.....................###
##.......#######......#
#.........# ##......###
#.....รท...# ##.........(
#.........####........###
#.........#..............
#.....................###


You could see Jessica.

Vanquished Creatures
  A dart slug (D:1)
  5 endoplasms (D:1)
  A goblin (D:1)
  2 hobgoblins (D:1)
  A quokka (D:1)
  4 ball pythons (D:1)
  2 frilled lizards (D:1)
  A kobold (D:1)
  4 rats (D:1)
21 creatures vanquished.

Notes
Turn   | Place    | Note
-------+----------+-------------------------------------------
     0 | D:1      | marky1606 the Demonspawn Wanderer began the quest for the
                  | Orb.
     0 | D:1      | marky1606 set off with the following items: a +2 dagger, a
                  | scroll of fear, a +0 hand axe, a +0 pair of boots, a potion
                  | of lignification, a +0 robe.
     0 | D:1      | Reached XP level 1. HP: 16/16 MP: 2/2
   248 | D:1      | Gained mutation: You have sharp fingernails. [demonic
                  | ancestry]
   248 | D:1      | Reached XP level 2. HP: 21/22 MP: 3/3
   727 | D:2      | Noticed Jessica
   727 | D:2      | Noticed Natasha
   733 | D:1      | HP: 1/22 [Jessica/+0 club (3)]
   735 | D:1      | Slain by Jessica

Illustrated notes

Levels and vault maps discovered:
D:1:      nicolae_arrival_memento_mori, layout_rooms
D:2:      layout_loops_ring, basic_altar, uniq_crazy_yiuf_cottage, uniq_jessica,
          uniq_natasha

Skill      XL: |  1  2 |
---------------+-------+-----
Dodging        | 2 |  2.1
Fighting       | |  2.2
Axes           | |  1.2
Armour         | |  1.6
Stealth        | |  2.6
Unarmed Combat | |  0.7
Spellcasting   | |  1.0

Action                     || total
---------------------------++-------
  Melee: Hand axe          ||    15
         Unarmed           ||    58
   Stab: Sleeping          ||     4
 Armour: Robe              ||    16
  Dodge: Dodged            ||    46

Table legend: (Time is in decaauts)
 A = Elapsed time spent in this place.
 B = Non-inter-level travel time spent in this place.
 C = Inter-level travel time spent in this place.
 D = Time resting spent in this place.
 E = Time spent auto-exploring this place.
 F = Levels seen in this place.
 G = Mean time per level.
                   A        B        C        D        E       F      G
               +--------+--------+--------+--------+--------+-----+--------+
         Total |    738 |    738 |      0 |    231 |      0 |   2 |  369.0 |
       Dungeon |    738 |    738 |      0 |    231 |      0 |   2 |  369.0 |
               +--------+--------+--------+--------+--------+-----+--------+

Top non-repeatable levels by time:
     D:1: 735 daAuts
     D:2: 2 daAuts
